 Dungeon Crawl Stone Soup version 0.29.1-1-gd02db6906a (webtiles) character file.

Game seed: 10667523439937307184

1698 sleeves the Covered (level 9, -9/77 HPs)
             Began as a Meteoran Fighter on Sept 23, 2022.
             Mangled by a hornet (13 damage)
             ... on level 8 of the Dungeon.
             The game lasted 00:14:57 (4023 turns).

sleeves the Covered (Meteoran Fighter)              Turns: 4023, Time: 00:14:58

Health: -9/77      AC: 12    Str: 22    XL:     9   Next: 46%
Magic:  10/10      EV:  7    Int: 10    God:
Gold:   61         SH:  6    Dex: 14    Spells: 8/8 levels left

rFire   . . .      SeeInvis .   C - +4 mace "Goisty" {pain, rCorr}
rCold   . . .      Faith    .   c - +0 buckler
rNeg    . . .      Spirit   .   B - +1 chain mail "Sirer" {Harm rPois rCorr Stlth-}
rPois   +          Reflect  .   (no helmet)
rElec   .          Harm     +   (no cloak)
rCorr   +          Rampage  .   (no gloves)
Will    +....                   s - +0 pair of boots
Stlth   ..........              (no amulet)
HPRegen 0.22/turn               q - ring of poison resistance
MPRegen 0.12/turn               (no ring)

@: glowing
A: sense surroundings 2, otherworldly, glowing, explore regen
a: no special abilities


You were on level 8 of the Dungeon.
You visited 2 branches of the dungeon, and saw 10 of its levels.

You collected 298 gold pieces.
You spent 237 gold pieces at shops.

Inventory:

Hand Weapons
 a - a +0 war axe
 C - the +4 mace "Goisty" (weapon) {pain, rCorr}
   (You found it on level 6 of the Dungeon)

   In the hands of one skilled in necromantic magic, it inflicts extra damage on
   living creatures.
   rCorr:     It protects you from acid and corrosion.
Missiles
 f - 15 poisoned darts
 w - 2 javelins (quivered)
Armour
 b - a +0 scale mail
 c - a +0 buckler (worn)
 o - a +2 robe of cold resistance
   (You took it off Jessica on level 3 of the Dungeon)
 s - a +0 pair of boots (worn)
   (You found it on level 4 of the Dungeon)
 B - the +1 chain mail "Sirer" (worn) {Harm rPois rCorr Stlth-}
   (You bought it in a shop on level 2 of the Dungeon)

   rPois:     It protects you from poison.
   rCorr:     It protects you from acid and corrosion.
   Harm:      It increases damage dealt and taken.
   Stlth:     It makes you less stealthy.
Jewellery
 q - a ring of poison resistance (left hand)
   (You found it on level 4 of the Dungeon)
Wands
 A - a wand of quicksilver (9)
   (You took it off Jessica on level 3 of the Dungeon)
Scrolls
 e - 4 scrolls of teleportation {unknown}
 g - 2 scrolls of enchant armour {unknown}
 l - 4 scrolls of identify {unknown}
 m - 2 scrolls of vulnerability {unknown}
 n - a scroll of torment {unknown}
 p - 3 scrolls of noise {unknown}
 v - 2 scrolls of poison {unknown}
 y - a scroll of fear {unknown}
 z - a scroll of blinking {unknown}
 D - a scroll of amnesia {unknown}
 E - a scroll of magic mapping {unknown}
Potions
 d - 2 potions of might
 h - 2 potions of attraction {unknown}
 i - 3 potions of curing
 j - a potion of flight {unknown}
 k - a potion of cancellation {unknown}
 r - a potion of haste {unknown}
 t - a potion of resistance {unknown}
 u - a potion of brilliance {unknown}
 x - 2 potions of heal wounds {unknown}


   Skills:
 + Level 6.3 Fighting
 + Level 6.4 Axes
 + Level 5.7 Throwing
 + Level 7.0 Armour
 + Level 6.9 Shields


You had 8 spell levels left.
You didn't know any spells.
Your spell library contained the following spells:

 Spells                   Type           Power      Damage    Failure   Level
 Sting                    Tmut/Pois      0%         1d3       98%         1
 Poisonous Vapours        Pois/Air       0%         N/A       99%         2
 Summon Guardian Golem    Hex/Summ       0%         N/A       100%        3
 Olgreb's Toxic Radiance  Pois           0%         N/A       100%        4
 Orb of Destruction       Conj           0%         9d5       100%        7
 Spellforged Servitor     Conj/Summ      0%         N/A       100%        7


Dungeon Overview and Level Annotations

Branches:
Dungeon (9/15) Zot: 1379   Temple (1/1) D:5 Zot: 452
   Lair: D:8-11         Orc: D:9-12

Altars:
Ashenzari
Cheibriados
Dithmenos
Elyvilon
Fedhas
Gozag
Hepliaklqana
Kikubaaqudgha
Makhleb
Nemelex Xobeh
Ru
Sif Muna
Uskayaw
Vehumet
Wu Jian
Xom
Yredelemnul
Zin
The Shining One

Shops:
D:2 *[**   D:3 (   D:6 *   D:7 *

Annotations:
D:4 2 runed translucent doors, Icepheonix32's ghost, amateur MiFi


Innate Abilities, Weirdness & Mutations

You passively map the area around you.
You are easily found by Zot.
You glow in the dark.
You regain HP and MP as you explore.


Message History

The phantom is severely damaged.
The phantom closely misses you.
A scorpion comes into view.
The phantom attacks as you move away!
The phantom hits you but does no damage.
The phantom attacks as you move away! You block the phantom's attack.
There is a stone staircase leading up here.
The phantom hits you but does no damage.
You climb upwards.
There is a stone staircase leading down here.
You closely miss the phantom.
The phantom is severely damaged.
The phantom hits you but does no damage.
You hit the phantom but do no damage.
The phantom is severely damaged.
The phantom hits you.
The phantom blinks!
You blink.
The phantom barely misses you. The phantom attacks as you move away!
The phantom hits you but does no damage.
You are too injured to fight recklessly!
You are too injured to fight recklessly!
You are too injured to fight recklessly!
You are too injured to fight recklessly!
You are too injured to fight recklessly!
You closely miss the phantom.
The phantom is severely damaged.
You block the phantom's attack.
You hit the phantom but do no damage.
The phantom is severely damaged.
The phantom closely misses you.
You closely miss the phantom.
The phantom is severely damaged.
The phantom hits you but does no damage.
The phantom hits you.
The phantom blinks!
You blink.
You barely miss the phantom.
The phantom is severely damaged.
The phantom barely misses you.
You closely miss the phantom.
The phantom is severely damaged.
The phantom hits you but does no damage.
You barely miss the phantom.
The phantom is severely damaged.
The phantom hits you but does no damage.
You hit the phantom.
The phantom is almost destroyed.
You block the phantom's attack.
The phantom hits you but does no damage.
You slash the phantom!
You destroy the phantom!
Your Fighting skill increases to level 5!
You have reached level 8!
There is a stone staircase leading down here.
Unknown command.
You see here a +0 sling.
Things that are here:
a +0 hand axe; an orc skeleton
There is a stone staircase leading down, spattered with blood here.
Press: ? - help, v - describe, . - travel A stone staircase leading down, spattered with blood.
Unknown command.
Things that are here:
a +0 leather armour; a +0 falchion; an orc skeleton
There is a stone staircase leading down here.
You climb downwards.
There is a stone staircase leading up here.
You aren't carrying any items that you can evoke.
You climb upwards.
There is a stone staircase leading down here.
You start removing your armour.
You continue taking off your +0 scale mail. x4
You finish taking off your +0 scale mail.
You start putting on your armour.
You continue putting on your +2 robe of cold resistance. x5
You finish putting on your +2 robe of cold resistance.
You feel resistant to cold.
You start putting on your armour.
You continue putting on your +0 pair of boots. x4
You finish putting on your +0 pair of boots.
The gnoll shouts!
The gnoll hits you but does no damage.
You closely miss the gnoll. The gnoll hits you with a +0 spear.
The gnoll hits you but does no damage.
You hit the gnoll.
The gnoll is lightly wounded.
You block the gnoll's attack.
You hit the gnoll.
The gnoll is moderately wounded.
The gnoll hits you with a +0 spear.
You completely miss the gnoll.
The gnoll is moderately wounded.
The gnoll completely misses you. The gnoll closely misses you.
You slash the gnoll!
The gnoll is almost dead.
The gnoll hits you but does no damage.
You slash the gnoll!
You kill the gnoll!
Your Throwing skill increases to level 4!
You see here a +0 spear.
You see here a +1 spear of freezing.
There is a stone staircase leading down, spattered with blood here.
Unknown command.
Unknown command.
Unknown command.
You climb downwards.
There is a stone staircase leading up, spattered with blood here.
A hound comes into view.
The hound barks!
You hear a shout!
The necrophage misses you.
You slash the necrophage!
The necrophage is moderately damaged.
The necrophage hits you.
You feel drained.
There is a stone staircase leading up, spattered with blood here.
You closely miss the necrophage.
The necrophage is moderately damaged.
You hit the hound. The hound closely misses you. The necrophage hits you.
The hound bites you. You block the necrophage's attack.
You slash the necrophage!
The necrophage is almost destroyed.
You hit the hound. The hound barely misses you. The hound bites you.
The necrophage hits you.
You are too injured to fight recklessly!
You are too injured to fight recklessly!
You are too injured to fight recklessly!
You hit the hound but do no damage.
The hound is moderately wounded.
You hit the necrophage but do no damage.
The hound barely misses you.
The necrophage hits you but does no damage.
The hound bites you but does no damage.
You slash the hound!
The hound is severely wounded.
You hit the necrophage. The hound closely misses you.
The necrophage hits you but does no damage.
The hound closely misses you.
You hit the hound.
The hound is almost dead.
You hit the necrophage.
You destroy the necrophage!
You block the hound's attack. The hound bites you but does no damage.
Your life force feels restored.
Your Axes skill increases to level 5!
You slash the hound!
You kill the hound!
The orc shouts!
A phantom comes into view.
The orc wizard shouts!
You see here a poisoned dart.
You barely miss the orc.
The orc shouts!
The orc barely misses you. The orc attacks as you move away!
The orc misses you.
There is a stone staircase leading up, spattered with blood here.
You closely miss the orc. The orc hits you but does no damage.
The phantom hits you but does no damage.
You climb upwards.
There is a stone staircase leading down, spattered with blood here.
You barely miss the phantom. You closely miss the orc. The phantom hits you.
You block the orc's attack. The phantom hits you. You block the orc's attack.
You barely miss the phantom. You hit the orc but do no damage.
The orc hits you but does no damage.
The phantom hits you but does no damage.
You barely miss the phantom. You hit the orc but do no damage.
You block the orc's attack.
The phantom hits you but does no damage.
You miss the phantom. You hit the orc but do no damage.
The orc closely misses you.
The phantom hits you but does no damage.
You closely miss the orc. You barely miss the phantom. The phantom hits you.
The orc hits you but does no damage. You block the phantom's attack.
The orc hits you but does no damage.
You hit the orc.
The orc is lightly wounded.
You hit the phantom. You block the orc's attack. The phantom hits you.
The phantom blinks!
You blink.
You closely miss the phantom.
The phantom is lightly damaged.
The phantom hits you.
* * * LOW HITPOINT WARNING * * *
You barely miss the phantom.
The phantom is lightly damaged.
The phantom hits you but does no damage.
You closely miss the phantom.
The phantom is lightly damaged.
The phantom hits you but does no damage. x2
The orc barely misses you.
You barely miss the phantom.
The phantom is lightly damaged.
You hit the orc but do no damage. The orc hits you but does no damage.
The phantom hits you.
* * * LOW HITPOINT WARNING * * *
You closely miss the phantom.
The phantom is lightly damaged.
You hit the orc but do no damage. The orc completely misses you.
The phantom closely misses you.
You slash the phantom!
The phantom is heavily damaged.
You hit the orc. The phantom misses you. The orc hits you with a +0 hand axe.
* * * LOW HITPOINT WARNING * * *
You hit the phantom.
The phantom is heavily damaged.
You hit the orc but do no damage.
The phantom hits you but does no damage.
The orc barely misses you. The phantom hits you.
* * * LOW HITPOINT WARNING * * *
The orc closely misses you.
You slash the phantom!
The phantom is severely damaged.
You closely miss the orc. You block the orc's attack.
The phantom hits you but does no damage.
You hit the phantom.
The phantom is severely damaged.
You barely miss the orc. The orc hits you with a +0 hand axe.
* * * LOW HITPOINT WARNING * * *
The phantom hits you but does no damage.
You hit the phantom.
The phantom is almost destroyed.
You closely miss the orc.
The phantom hits you but does no damage.
You block the orc's attack. The phantom barely misses you.
The orc hits you with a +0 hand axe.
* * * LOW HITPOINT WARNING * * *
You hit the phantom.
You destroy the phantom!
You hit the orc but do no damage. The orc hits you with a +0 hand axe.
* * * LOW HITPOINT WARNING * * *
You hit the orc but do no damage.
The orc is almost dead.
You block the orc's attack.
You slash the orc!
You kill the orc!
Things that are here:
a +0 hand axe; a +0 chain mail You see here an iguana skeleton.
You see here a +1 spear of freezing.
You see here a +0 spear.
There is a stone staircase leading down here.
There is a stone staircase leading down here.
You climb downwards.
There is a stone staircase leading up here.
There is a stone staircase leading down here.
You climb downwards.
The jelly quivers.
There is a stone staircase leading up here.
You climb upwards.
There is a stone staircase leading down here.
Throw: 2 javelins
Press: ? - help, Q - select action Shift-Dir - straight line, f - scorpion
Aim: a scorpion (63% to hit)
You throw a javelin.
The javelin closely misses the scorpion.
The scorpion stings you.
You are poisoned.
The scorpion poisons you!
You hit the scorpion.
The scorpion is lightly wounded.
You feel very sick.
The scorpion stings you but does no damage.
You closely miss the scorpion.
The scorpion is lightly wounded.
You feel sick. The scorpion stings you.
You are more poisoned.
The scorpion poisons you! The scorpion stings you.
You are more poisoned.
The scorpion poisons you!
You closely miss the scorpion.
The scorpion is lightly wounded.
You feel extremely sick.
The scorpion stings you but does no damage.
You slash the scorpion!
The scorpion is heavily wounded.
You feel very sick. You block the scorpion's attack. The scorpion stings you.
* * * LOW HITPOINT WARNING * * *
You closely miss the scorpion.
The scorpion is heavily wounded.
You feel very sick.
The scorpion stings you but does no damage.
You hit the scorpion.
The scorpion is severely wounded.
You feel very sick. The scorpion stings you.
* * * LOW HITPOINT WARNING * * *
The scorpion stings you but does no damage.
You closely miss the scorpion.
The scorpion is severely wounded.
You feel very sick. The scorpion stings you.
* * * LOW HITPOINT WARNING * * *
You block the scorpion's attack.
You slash the scorpion!
You kill the scorpion!
You feel sick.
You feel sick.
You feel sick.
You feel sick.
You feel sick.
You feel sick.
You are no longer poisoned.
w - 2 javelins (gained 1)
f - 3 poisoned darts
f - 7 poisoned darts (gained 4)
Found a whip.
Found a scroll labelled SOLYLO BOLICO.
g - 2 scrolls labelled TAETWIEPETE (gained 1)
y - a scroll labelled SOLYLO BOLICO
Found 11 gold pieces.
Found 5 gold pieces.
You now have 225 gold pieces (gained 11).
You now have 230 gold pieces (gained 5).
f - 8 poisoned darts (gained 1)
f - 9 poisoned darts (gained 1)
Found a stone staircase leading down.
The orc wizard shouts!
You hear a shout!
The orc wizard hits you with a +0 dagger.
You closely miss the orc wizard.
The orc wizard gestures at you while chanting.
The magic dart hits you.
You hit the orc wizard but do no damage.
The orc wizard hits you with a +0 dagger.
You closely miss the orc wizard. You block the orc wizard's attack.
The orc hits you but does no damage. The orc wizard misses you.
You closely miss the orc wizard. You barely miss the orc.
You block the orc's attack.
The orc wizard hits you but does no damage.
You closely miss the orc wizard. You hit the orc but do no damage.
The orc misses you. The orc wizard barely misses you.
You closely miss the orc wizard. You slash the orc!
You kill the orc!
The orc wizard hits you but does no damage. x2
You closely miss the orc wizard. The orc wizard casts a spell at you.
The magic dart hits you.
You barely miss the orc wizard. The orc wizard barely misses you.
You slash the orc wizard!
The orc wizard is heavily wounded.
The orc wizard hits you but does no damage.
You block the orc wizard's attack.
You miss the orc wizard.
The orc wizard is heavily wounded.
You block the orc wizard's attack.
You hit the orc wizard.
The orc wizard is severely wounded.
You block the orc wizard's attack.
You barely miss the orc wizard.
The orc wizard is severely wounded.
You block the orc wizard's attack.
You hit the orc wizard.
The orc wizard is severely wounded.
The orc wizard hits you but does no damage. x2
You slash the orc wizard!
You kill the orc wizard!
Your Armour skill increases to level 6!
Your Shields skill increases to level 6!
No target in view!
No target in view!
Found 7 gold pieces.
Found a scroll labelled MIT RALINOC.
There is a stone staircase leading down here.
You climb downwards.
HP restored.
Found a robe.
Found Hacops's Assorted Antiques.
Found a stone staircase leading down.
There is a stone staircase leading up here.
There is an entrance to Hacops's Assorted Antiques here.
Unknown command.
There is a stone staircase leading up here.
You climb upwards.
The hound barks!
There is a stone staircase leading down here.
You block the hound's attack.
You slash the hound!
The hound is severely wounded.
You block the hound's attack. The hound bites you.
You closely miss the hound.
The hound is severely wounded.
You block the hound's attack. x2
You slash the hound!
You kill the hound!
Throw: 2 javelins
Press: ? - help, Q - select action, (/) - cycle Shift-Dir - straight line, f - ice beast
Aim: an ice beast (63% to hit)
You throw a javelin.
The javelin pierces through the ice beast!
The ice beast is moderately wounded.
The ice beast hits you. The ice beast freezes you. You resist.
You slash the ice beast!
The ice beast is severely wounded.
The ice beast hits you but does no damage.
You hit the ice beast.
The ice beast is almost dead.
The ice beast hits you. The ice beast freezes you. You resist.
You slash the ice beast!
You kill the ice beast!
w - 2 javelins (gained 1)
z - a scroll labelled MIT RALINOC You now have enough gold to buy a transparent chain mail on D:2.
You can access your shopping list by pressing '$'.
You now have 237 gold pieces (gained 7).
There is an escape hatch in the ceiling here.
A mysterious force pulls you upwards. The hatch slams shut behind you.
There is a stone staircase leading down here.
You see here a +0 spear.
There is a stone staircase leading up here.
You climb upwards.
Level annotation: 2 runed translucent doors, Icepheonix32's ghost, amateur MiFi The ogre shouts!
There is a stone staircase leading down here.
The black bear growls angrily.
The ogre attacks as you move away!
The ogre hits you with a +0 giant spiked club!!
The ogre attacks as you move away!
The ogre hits you with a +0 giant spiked club!!
* * * LOW HITPOINT WARNING * * *
You see here a +0 spear.
The jackal bites you.
* * * LOW HITPOINT WARNING * * *
There is an open door here.
The jackal bites you.
* * * LOW HITPOINT WARNING * * *
The jackal attacks as you move away!
The jackal bites you but does no damage.
The jackal closely misses you. The jackal attacks as you move away!
The jackal completely misses you.
You see here 4 stones.
The jackal bites you but does no damage.
The jackal attacks as you move away!
The jackal bites you but does no damage.
The jackal attacks as you move away! You block the jackal's attack. x2
Things that are here:
a +0 flail; a gnoll skeleton The jackal attacks as you move away!
The jackal barely misses you. The jackal bites you.
* * * LOW HITPOINT WARNING * * *
The jackal attacks as you move away!
The jackal bites you but does no damage.
The jackal attacks as you move away!
The jackal bites you but does no damage.
The jackal bites you.
* * * LOW HITPOINT WARNING * * *
The jackal barely misses you. The jackal attacks as you move away!
The jackal bites you but does no damage.
You block the jackal's attack. The jackal attacks as you move away!
The jackal closely misses you.
The jackal bites you but does no damage.
The jackal attacks as you move away!
The jackal bites you but does no damage. x2
The jackal attacks as you move away! You block the jackal's attack.
You block the jackal's attack.
The jackal bites you but does no damage.
There is a stone staircase leading up here.
The jackal barely misses you.
You climb upwards.
There is a stone staircase leading down here.
You barely miss the jackal.
The jackal bites you but does no damage. x2
You slash the jackal!
You kill the jackal!
f - 10 poisoned darts (gained 1)
f - 11 poisoned darts (gained 1)
f - 13 poisoned darts (gained 2)
A - a wand of quicksilver (9)
You see here a +0 club.
There is a stone staircase leading down here.
You open the door.
An endoplasm comes into view.
There is an open door here.
The endoplasm quivers.
The endoplasm freezes you.
You are frozen.
You resist.
You hit the endoplasm but do no damage.
The endoplasm hits you but does no damage. x2
You hit the endoplasm but do no damage. The endoplasm hits you.
You slash the endoplasm!
You kill the endoplasm!
There is a stone staircase leading up here.
You climb upwards.
There is a stone staircase leading down here.
You slash the ball python!
You kill the ball python!
No target in view!
No target in view!
Found 6 gold pieces.
HP restored.
There is an entrance to Poraval's Antique Armour Shop here.
B - the +1 chain mail "Sirer" {Harm rPois rCorr Stlth-} Thank you for shopping at Poraval's Antique Armour Shop!
You start removing your armour.
You continue taking off your +2 robe of cold resistance. x4
You finish taking off your +2 robe of cold resistance.
You feel less resistant to cold.
You start putting on your armour.
You continue putting on the +1 chain mail "Sirer" {Harm rPois rCorr Stlth-}. x5
You finish putting on the +1 chain mail "Sirer" {Harm rPois rCorr Stlth-}.
Unknown command.
There is an escape hatch in the floor here.
You slide downwards.
The hatch slams shut behind you.
Found Coock's Antique Weapon Shop.
There is an entrance to Coock's Antique Weapon Shop here.
Found a stone staircase leading down.
There is a stone staircase leading down here.
You climb downwards.
Level annotation: 2 runed translucent doors, Icepheonix32's ghost, amateur MiFi
There is a stone staircase leading up here.
A hound comes into view.
A hound is nearby!
The hound bites you but does no damage.
You hit the hound.
The hound is heavily wounded.
The hound bites you but does no damage. x2
You barely miss the hound.
The hound is heavily wounded.
You block the hound's attack. The hound bites you.
You slash the hound!
You kill the hound!
You see here a hound corpse.
A hound and a kobold come into view.
The hound barks!
The kobold shouts!
A gnoll comes into view. It is wielding a +0 flail.
A hound comes into view.
The hound barks!
You block the kobold's attack.
You closely miss the kobold. The kobold closely misses you.
The kobold hits you but does no damage.
You slash the hound!
The hound is almost dead.
You closely miss the kobold. The hound barely misses you. x2
The kobold hits you but does no damage. The hound bites you but does no damage.
You hit the hound.
You kill the hound!
The hound bites you but does no damage.
You barely miss the hound. The hound bites you but does no damage.
You block the hound's attack.
You completely miss the hound. The hound bites you.
The hound bites you but does no damage.
You hit the hound but do no damage. The hound bites you but does no damage.
The hound barely misses you.
You slash the hound!
The hound is severely wounded.
The hound bites you but does no damage. x2
You hit the hound.
You kill the hound!
You block the kobold's attack.
You hit the kobold but do no damage. The kobold completely misses you.
You barely miss the kobold. The kobold closely misses you.
You slash the kobold!
You kill the kobold!
You barely miss the gnoll. The gnoll hits you with a +0 flail. x2
You slash the gnoll!
The gnoll is severely wounded.
You block the gnoll's attack.
You closely miss the gnoll.
The gnoll is severely wounded.
You block the gnoll's attack.
You slash the gnoll!
You kill the gnoll!
No target in view!
No target in view!
No target in view!
No target in view!
No target in view!
No target in view!
No target in view!
No target in view!
No target in view!
You now have 24 gold pieces.
Items here: ( )) ††††.
There is an open door here.
There is an open door here.
There is a shaft here.
You fall into a shaft and drop 2 floors!
The shaft crumbles and collapses.
Unknown command.
Found a club.
There is a shaft here.
A scorpion comes into view.
Found a scroll labelled HAERIPNILIE.
The scorpion barely misses you.
You slash the scorpion!
The scorpion is heavily wounded.
You block the scorpion's attack.
The scorpion stings you but does no damage.
You hit the scorpion but do no damage.
The scorpion is heavily wounded.
You block the scorpion's attack.
You hit the scorpion but do no damage.
The scorpion is heavily wounded.
You block the scorpion's attack. The scorpion completely misses you.
You slash the scorpion!
You kill the scorpion!
Your Throwing skill increases to level 5!
You have reached level 9!
Your experience leads to an increase in your attributes!
Increase (S)trength, (I)ntelligence, or (D)exterity?
You feel stronger. x2; You feel clever.
Your attunement to dungeon structure grows.
An ufetubus comes into view.
The ufetubus shouts!
You hear an angry hiss.
The adder hisses angrily.
Found 21 gold pieces.
You slash the adder!
You kill the adder!
You closely miss the ufetubus. The ufetubus barely misses you.
The ufetubus hits you but does no damage. x2
The ufetubus hits you. The ufetubus hits you. You block the ufetubus's attack.
You see here an adder corpse.
You hit the ufetubus.
The ufetubus is lightly wounded.
The ufetubus hits you but does no damage.
You block the ufetubus's attack. The ufetubus closely misses you.
The ufetubus hits you but does no damage.
You slash the ufetubus!
You kill the ufetubus!
l - 4 scrolls labelled HAERIPNILIE (gained 1)
Found a war axe.
Found a scroll labelled VEBITE KUDEI.
Found a weird smoking staff.
You now have 45 gold pieces (gained 21).
Found an ancient mace.
You see here the +4 mace "Goisty" {pain, rCorr}.
C - the +4 mace "Goisty" {pain, rCorr} You have a feeling of ineptitude.
C - the +4 mace "Goisty" (weapon)
{pain, rCorr}
D - a scroll labelled VEBITE KUDEI
Found a white marble altar of Elyvilon.
There is a white marble altar of Elyvilon here.
Found a stone staircase leading down.
There is a stone staircase leading down here.
You climb downwards.
Found a scroll labelled ATUVUE YGRIFUI.
Found a stone staircase leading down.
There is a stone staircase leading up here.
v - 2 scrolls labelled ATUVUE YGRIFUI (gained 1)
You open the door.
A hound comes into view.
The hound barks!
There is an open door here.
You closely miss the hound. You block the hound's attack.
The hound bites you but does no damage.
You miss the hound. The hound bites you but does no damage.
You hear a distant slurping noise.
The hound barely misses you.
You completely miss the hound. The hound barely misses you.
You block the hound's attack.
You barely miss the hound. You block the hound's attack. The hound bites you.
You closely miss the hound. The hound completely misses you.
The hound bites you but does no damage.
You barely miss the hound. The hound bites you.
The hound bites you but does no damage.
You sock the hound!
You kill the hound!
You see here a hound corpse.
You see here a hound corpse.
There is an open door here.
An orc priest and an orc come into view.
The orc priest shouts!
You hear a shout!
The orc throws a boomerang.
The boomerang hits you but does no damage.
The orc throws a boomerang.
The boomerang hits you but does no damage.
The orc priest hits you but does no damage.
The orc priest attacks as you move away!
You block the orc priest's attack.
You thump the orc priest!
The orc priest is severely wounded.
The orc priest invokes the aid of Beogh against you.
Beogh smites you! The orc completely misses you.
You hear a shout!
You closely miss the orc priest.
The orc priest is severely wounded.
You hear a shout! x2
The orc priest hits you but does no damage.
The orc hits you but does no damage.
You hit the orc priest.
You kill the orc priest!
The orc throws a boomerang.
You block the boomerang.
The orc hits you from afar with a +0 trident.
An orc comes into view. It is wielding a +0 war axe.
The orc shouts!
You hear a shout!
The orc hits you but does no damage.
You see here a +0 falchion.
You sock the orc!
You kill the orc!
A centaur comes into view.
The orc closely misses you.
Items here: ( ) ? [ †.
The centaur shouts!
You hear a shout!
The centaur wields a +0 shortbow.
The centaur shoots an arrow.
The arrow hits you! The orc hits you with a +0 war axe.
You hit the orc.
The orc is severely wounded.
The centaur shoots an arrow.
The arrow barely misses you.
The centaur shoots an arrow.
You block the arrow. The orc hits you but does no damage.
You hit the orc.
The orc is almost dead.
The centaur shoots an arrow.
The arrow barely misses you. The orc hits you with a +0 war axe.
The centaur shoots an arrow.
You block the arrow.
You hear a shout!
The jelly quivers.
The centaur shoots an arrow.
The arrow hits you. The orc barely misses you.
There is a stone staircase leading up, spattered with blood here.
You hit the orc.
You kill the orc!
The centaur shoots an arrow.
The arrow hits you.
* * * LOW HITPOINT WARNING * * *
The centaur shoots an arrow.
You block the arrow.
An orc wizard comes into view. It is wielding a +0 dagger. x2
The centaur shoots an arrow.
The arrow hits you but does no damage.
You hear a shout!
You climb upwards.
There is a stone staircase leading down here.
You see here a +0 club.
There is a stone staircase leading down here.
You climb downwards.
There is a stone staircase leading up here.
There is a stone staircase leading down here.
You climb downwards.
Found a scroll labelled HUPTOR GEBB.
Found a stone staircase leading down.
There is a stone staircase leading up here.
e - 4 scrolls labelled HUPTOR GEBB (gained 1)
Found 5 stones.
An acid dragon comes into view.
The acid dragon roars!
The acid dragon spits acid at you. The splash of acid hits you. You resist.
Okay, then.
The acid dragon spits acid at you. The splash of acid hits you! You resist.
The acid corrodes you!
There is a stone staircase leading down here.
You climb downwards.
HP restored.
There is a stone staircase leading up here.
Found a scroll labelled ATUVUE YGRIFUI.
You are no longer corroded.
You open the door.
There is an open door here.
There is an open door here.
A kobold comes into view. It is wielding a +0 short sword.
The kobold shouts!
You hear a shout!
The kobold moves out of view.
A kobold brigand comes into view.
It is wielding a +0 club and quivering poisoned darts.
The kobold brigand moves out of view. 2 kobolds come into view.
The kobold shouts!
The kobold brigand hits you with a +0 club.
You hit the kobold brigand.
The kobold brigand is lightly wounded.
The kobold brigand hits you but does no damage.
You hit the kobold brigand.
The kobold brigand is moderately wounded.
You block the kobold brigand's attack.
You barely miss the kobold brigand.
The kobold brigand is moderately wounded.
The kobold brigand hits you with a +0 club.
You sock the kobold brigand!
The kobold brigand is almost dead.
The kobold brigand barely misses you.
You sock the kobold brigand!
You kill the kobold brigand!
The kobold hits you but does no damage.
You closely miss the kobold. The kobold closely misses you.
You completely miss the kobold. The kobold barely misses you.
You closely miss the kobold. The kobold closely misses you.
You sock the kobold!
You kill the kobold!
The kobold hits you but does no damage.
You hit the kobold.
You kill the kobold!
The kobold throws a stone.
The stone closely misses you. You block the kobold's attack.
Items here: ( ))) †††.
You sock the kobold!
You kill the kobold!
Things that are here:
a +0 club; 5 stones
f - 15 poisoned darts (gained 2)
Items here: ))) †††.
You open the door.
A yak comes into view.
The yak bellows!
You hear a bellow! x2
A yak comes into view.
Found an escape hatch in the floor.
Found a stone staircase leading up.
A yak comes into view.
There is an open door here.
The yak attacks as you move away! The yak gores you!
The yak attacks as you move away! The yak gores you but does no damage.
You open the door. The yak gores you but does no damage.
The yak attacks as you move away! The yak gores you but does no damage.
There is an open door here.
The yak snorts and paws the ground.
The yak attacks as you move away! The yak gores you!
There is a stone staircase leading up here.
The yak gores you.
You climb upwards.
HP restored.
Found 16 gold pieces and a short sword.
There is a stone staircase leading down here.
You closely miss the yak. You block the yak's attack.
You hit the yak.
The yak is lightly wounded.
The yak gores you!
You completely miss the yak.
The yak is lightly wounded.
The yak gores you. The yak gores you but does no damage.
You sock the yak!
The yak is heavily wounded.
You block the yak's attack.
You hit the yak but do no damage.
The yak is heavily wounded.
The yak gores you!
You are too injured to fight recklessly!
You are too injured to fight recklessly!
You are too injured to fight recklessly!
You are too injured to fight recklessly!
You are too injured to fight recklessly!
You are too injured to fight recklessly!
You are too injured to fight recklessly!
You are too injured to fight recklessly!
You are too injured to fight recklessly!
You are too injured to fight recklessly!
You barely miss the yak.
The yak is heavily wounded.
The yak gores you but does no damage.
You thump the yak!
The yak is almost dead.
The yak gores you. The yak gores you but does no damage.
You sock the yak!
You kill the yak!
Your Fighting skill increases to level 6!
Your Axes skill increases to level 6!
You see here a yak corpse.
You now have 61 gold pieces (gained 16).
Found a weird smoking staff.
You see here a +0 short sword.
You see here a +0 short sword.
Found a stone staircase leading up.
A centaur comes into view.
The centaur shouts!
The centaur wields a +0 shortbow of flaming.
It bursts into flame!
The centaur shoots an arrow.
You block the arrow.
The centaur shoots an arrow.
The arrow hits you but does no damage.
The centaur shoots an arrow.
The arrow hits you. The arrow burns you.
The centaur shoots an arrow.
You block the arrow.
The centaur shoots an arrow.
The arrow hits you! The arrow burns you.
The centaur shoots an arrow.
The arrow hits you but does no damage.
The centaur unwields a +0 shortbow of flaming.
It stops flaming.
The centaur hits you but does no damage.
The centaur barely misses you.
You hit the centaur.
The centaur is moderately wounded.
The centaur hits you but does no damage.
The centaur kicks you but does no damage.
The centaur barely misses you. The centaur closely misses you.
You hit the centaur.
The centaur is heavily wounded.
You block the centaur's attack.
The centaur kicks you but does no damage.
The centaur barely misses you.
The centaur kicks you but does no damage.
You thump the centaur!
The centaur is almost dead.
The centaur hits you but does no damage.
The centaur closely misses you.
The centaur hits you but does no damage.
The centaur kicks you but does no damage.
You thump the centaur!
You kill the centaur!
You see here a +0 shortbow of flaming.
Found a scroll labelled QUARUGR BONUAR.
E - a scroll labelled QUARUGR BONUAR You open the gate.
A centaur comes into view.
The centaur shouts!
The centaur wields a +0 shortbow.
The centaur shoots an arrow.
The arrow hits you!
The centaur shoots an arrow.
The arrow closely misses you.
There is an open gate here.
You hit the centaur.
The centaur is lightly wounded.
The centaur unwields a +0 shortbow.
The centaur hits you but does no damage.
You block the centaur's attack.
The centaur hits you but does no damage.
The centaur kicks you but does no damage.
You hit the centaur.
The centaur is heavily wounded.
You block the centaur's attack.
The centaur kicks you but does no damage.
The centaur barely misses you.
The centaur kicks you but does no damage.
You sock the centaur!
You kill the centaur!
You see here a +0 shortbow.
There is an open gate here.
A bullfrog comes into view.
The bullfrog croaks.
You hear an angry buzzing noise.
The bullfrog hits you.
A hornet comes into view.
The bullfrog hits you but does no damage.
You sock the bullfrog!
The bullfrog is heavily wounded.
The bullfrog hits you but does no damage.
The bullfrog closely misses you.
You sock the bullfrog!
You kill the bullfrog!
Your Armour skill increases to level 7!
You closely miss the hornet.
The hornet stings you but does no damage.
The hornet stings you!
You hit the hornet.
The hornet is lightly wounded.
The hornet barely misses you.
The hornet stings you but does no damage.
You hit the hornet.
The hornet is moderately wounded.
The hornet stings you but does no damage. x2
You completely miss the hornet.
The hornet is moderately wounded.
The hornet stings you but does no damage.
You closely miss the hornet.
The hornet is moderately wounded.
You block the hornet's attack. x2
You hit the hornet.
The hornet is moderately wounded.
The hornet stings you.
The hornet stings you but does no damage.
You barely miss the hornet.
The hornet is moderately wounded.
The hornet completely misses you.
The hornet stings you but does no damage.
You barely miss the hornet.
The hornet is moderately wounded.
You block the hornet's attack.
The hornet stings you but does no damage.
You hit the hornet but do no damage.
The hornet is moderately wounded.
You block the hornet's attack.
You barely miss the hornet.
The hornet is moderately wounded.
The hornet stings you but does no damage.
The hornet stings you.
You feel yourself slow down.
You hit the hornet but do no damage.
The hornet is moderately wounded.
You feel yourself speed up.
The hornet stings you. x2; The hornet stings you!
* * * LOW HITPOINT WARNING * * *
You feel yourself slow down.
You are too injured to fight recklessly!
You are too injured to fight recklessly!
You are too injured to fight recklessly!
You are too injured to fight recklessly!
You are too injured to fight recklessly!
You are too injured to fight recklessly!
You are too injured to fight recklessly!
You are too injured to fight recklessly!
You are too injured to fight recklessly!
You are too injured to fight recklessly!
You are too injured to fight recklessly!
You closely miss the hornet.
The hornet is moderately wounded.
You feel yourself speed up. You block the hornet's attack.
The hornet stings you but does no damage.
The hornet completely misses you.
You closely miss the hornet.
The hornet is moderately wounded.
The hornet stings you.
* * * LOW HITPOINT WARNING * * *
The hornet stings you!
* * * LOW HITPOINT WARNING * * *
You completely miss the hornet.
The hornet is moderately wounded.
The hornet completely misses you.
The hornet stings you but does no damage.
You thump the hornet!
The hornet is severely wounded.
The hornet stings you but does no damage.
The hornet barely misses you.
You completely miss the hornet.
The hornet is severely wounded.
The hornet stings you.
* * * LOW HITPOINT WARNING * * *
You are poisoned.
You feel yourself slow down.
You hit the hornet but do no damage.
The hornet is severely wounded.
You feel yourself speed up.
You feel very sick. You block the hornet's attack. The hornet stings you.
* * * LOW HITPOINT WARNING * * *
You feel yourself slow down. The hornet barely misses you.
You feel better. The hornet stings you!
* * * LOW HITPOINT WARNING * * *
The hornet stings you but does no damage.
You barely miss the hornet.
The hornet is severely wounded.
You feel yourself speed up. The hornet closely misses you.
The hornet barely misses you. The hornet stings you!
You die...

#.# *, , * * * * *
, #.# , , * , , ,
#.# ,, .* *
...####.## * .. * *
** , .........# ...
, , ,...####..#
,,.... ,* , , ,
#..# ..... , ,
...####..###......
* , , ,
..........@y......
*
..................
,
..................,
, *
###............#..
, , #............#
# * #...........##
, ** #####.#######
, ..# * #.# ,
....#* * * * , ~
.....#


You could see a hornet.

Vanquished Creatures
  A yak (D:8)
  An ice beast (D:6)
  2 centaurs (D:8)
  2 phantoms (D:5)
  A kobold brigand (D:9)
  A bullfrog (D:8)
  A necrophage (D:6)
  5 scorpions
  A howler monkey (D:6)
  8 hounds
  An orc priest (D:7)
  Jessica (D:3)
  2 iguanas
  3 orc wizards
  6 gnolls
  5 adders
  An ufetubus (D:6)
  A worm (D:2)
  12 orcs
  5 bats
  12 endoplasms
  8 giant cockroaches
  6 goblins
  6 hobgoblins
  4 jackals
  13 kobolds
  3 quokkas
  4 ball pythons
  A frilled lizard (D:1)
  8 rats
125 creatures vanquished.

Notes
Turn   | Place    | Note
-------+----------+-------------------------------------------
     0 | D:1      | sleeves the Meteoran Fighter began the quest for the Orb.
     0 | D:1      | Reached XP level 1. HP: 19/19 MP: 2/2
    87 | D:1      | Reached XP level 2. HP: 17/26 MP: 3/3
   203 | D:1      | Reached XP level 3. HP: 28/31 MP: 4/4
   211 | D:2      | Found an ornate altar of the Wu Jian Council.
   277 | D:1      | Reached skill level 1 in Throwing
   306 | D:1      | Found a faded altar of an unknown god.
   529 | D:1      | Reached skill level 4 in Armour
   539 | D:1      | Reached skill level 4 in Shields
   590 | D:2      | Found Itueruich's Assorted Antiques.
   601 | D:2      | HP: 12/31 [worm (9)]
   707 | D:2      | Reached XP level 4. HP: 40/40 MP: 5/5
   716 | D:2      | Reached skill level 3 in Axes
   893 | D:2      | Found Osoheudu's Assorted Antiques.
  1163 | D:2      | Found Saowarr's Assorted Antiques.
  1180 | D:2      | Found Poraval's Antique Armour Shop.
  1215 | D:2      | You fall into a shaft and drop 2 floors!
  1273 | D:3      | Noticed Jessica
  1327 | D:3      | HP: 20/40 [Jessica/nerve-wracking pain (2)]
  1328 | D:3      | Killed Jessica
  1329 | D:3      | Reached XP level 5. HP: 23/46 MP: 6/6
  1546 | D:4      | Reached skill level 4 in Fighting
  1546 | D:4      | Reached skill level 2 in Throwing
  1567 | D:4      | Reached XP level 6. HP: 36/52 MP: 7/7
  1611 | D:4      | Found a basalt altar of Yredelemnul.
  1631 | D:4      | Found a large runed translucent door.
  1634 | D:4      | Found a large runed translucent door.
  1635 | D:4      | Noticed Icepheonix32's ghost (amateur MiFi)
  1702 | D:4      | Noticed an ogre
  1712 | D:5      | Entered Level 5 of the Dungeon
  1712 | D:5      | Found a staircase to the Ecumenical Temple.
  1724 | Temple   | Entered the Ecumenical Temple
  1873 | D:5      | Reached skill level 4 in Axes
  1876 | D:5      | Reached skill level 3 in Throwing
  1915 | D:5      | Reached skill level 5 in Armour
  1915 | D:5      | Reached XP level 7. HP: 52/60 MP: 8/8
  1919 | D:5      | Reached skill level 5 in Shields
  2091 | D:4      | HP: 26/60 [gnoll/+0 halberd (13)]
  2240 | D:5      | HP: 30/60 [scorpion (6)]
  2245 | D:5      | HP: 19/60 [gnoll/+0 spear (5)]
  2249 | D:5      | HP: 5/60 [gnoll/+0 spear (5)]
  2426 | D:6      | Found Titsiukk's Overcharged Wands.
  2526 | D:5      | HP: 29/60 [iguana (6)]
  2696 | D:5      | Reached skill level 5 in Fighting
  2696 | D:5      | Reached XP level 8. HP: 39/68 MP: 9/9
  2774 | D:5      | Reached skill level 4 in Throwing
  2799 | D:6      | Reached skill level 5 in Axes
  2816 | D:5      | HP: 29/68 [phantom (6)]
  2821 | D:5      | HP: 24/68 [orc/+0 hand axe (1)]
  2826 | D:5      | HP: 21/68 [orc/+0 hand axe (1)]
  2897 | D:6      | HP: 34/68 [poisoned by a scorpion]
  2900 | D:6      | HP: 16/68 [scorpion (2)]
  2905 | D:6      | HP: 11/69 [poisoned by a scorpion]
  3009 | D:6      | Reached skill level 6 in Armour
  3009 | D:6      | Reached skill level 6 in Shields
  3013 | D:7      | Found Hacops's Assorted Antiques.
  3098 | D:4      | HP: 20/69 [ogre/+0 giant spiked club (32)]
  3112 | D:4      | HP: 25/69 [jackal (2)]
  3125 | D:4      | HP: 23/69 [jackal (2)]
  3269 | D:2      | Bought a transparent chain mail for 237 gold pieces
  3269 | D:2      | Identified the +1 chain mail "Sirer" {Harm rPois rCorr
                  | Stlth-} (You bought it in a shop on level 2 of the Dungeon)
  3311 | D:3      | Found Coock's Antique Weapon Shop.
  3376 | D:4      | You fall into a shaft and drop 2 floors!
  3405 | D:6      | Reached skill level 5 in Throwing
  3405 | D:6      | Gained mutation: You passively map the area around you.
                  | [Meteoran growth]
  3405 | D:6      | Reached XP level 9. HP: 75/75 MP: 10/10
  3436 | D:6      | Identified the +4 mace "Goisty" {pain, rCorr}
  3473 | D:6      | Found a white marble altar of Elyvilon.
  3588 | D:7      | HP: 37/75 [centaur/arrow (3)]
  3764 | D:8      | Reached skill level 6 in Fighting
  3764 | D:8      | Reached skill level 6 in Axes
  4001 | D:8      | Noticed a hornet
  4004 | D:8      | Reached skill level 7 in Armour
  4015 | D:8      | HP: 38/77 [hornet (13)]
  4020 | D:8      | HP: 20/77 [hornet (1)]
  4022 | D:8      | HP: 4/77 [hornet (14)]
  4023 | D:8      | Mangled by a hornet

Illustrated notes

Levels and vault maps discovered:
D:1:      dpeg_arrival_arbitrary_c, layout_basic,
          shapermc_ecumenical_altar_totnotflames
D:2:      layout_basic, basic_altar, serial_shops, shop, nicolae_shop_crystal,
          shop, nicolae_shop_statue_plus
D:3:      layout_basic, serial_shops, shop, uniq_jessica
D:4:      layout_basic, mainiacjoe_overflow_alcove_4,
          ebering_ghost_disaster_area, cheibrodos_gnoll_hut
D:5:      layout_rooms, minmay_temple_entry_sparse_star
D:6:      layout_cave_pools, mainiacjoe_overflow_alcove_1,
          nicolae_shop_overcharged_wands
D:7:      gammafunk_beogh_shrine, layout_gridville,
          gammafunk_temple_overflow_elements, serial_shops, shop
D:8:      layout_basic, okawaru_trees_2,
          ploomutoo_gammafunk_ghost_potion_laboratory, special_room
          [special_room_orc], kennysheep_donut, uniq_psyche
D:9:      layout_irregular_city
Temple:   minmay_temple_bridge_d

Skill      XL: |  1  2  3  4  5  6  7  8  9 |
---------------+----------------------------+-----
Throwing       | 1 2 3 5 |  5.7
Armour         | 4 5 6 7 |  7.0
Shields        | 4 5 6 |  6.9
Axes           | 3 4 5 6 |  6.4
Fighting       | 4 5 6 |  6.3

Action                   |  1- 3 |  4- 6 |  7- 9 || total
-------------------------+-------+-------+-------++-------
Melee: War axe           |    92 |   105 |   156 ||   353
       Mace              |       |       |    60 ||    60
Throw: Dart              |       |     6 |    12 ||    18
       Javelin           |       |     1 |     4 ||     5
  Use: Potion            |       |       |     3 ||     3
Armor: Scale mail        |    65 |    60 |    42 ||   167
       Robe              |       |       |    49 ||    49
       Chain mail        |       |       |    68 ||    68
Dodge: Dodged            |    50 |    50 |   111 ||   211
Block: Buckler           |    24 |    33 |    87 ||   144
